 Dungeon Crawl Stone Soup version 0.29.1-2-gbd0b4ee654 (webtiles) character file.

Game seed: 10395151924569359285

260 qeuew the Sneak (level 5, -3/22 (24) HPs)
             Began as a Spriggan Enchanter on Nov 14, 2022.
             Was an Initiate of Yredelemnul.
             Killed by divine providence
             ... invoked by an orc priest
              (11 damage)
             ... on level 3 of the Dungeon.
             The game lasted 00:04:16 (3535 turns).

qeuew the Sneak (Spriggan Enchanter)                Turns: 3535, Time: 00:04:17

HP:   -3/22 (24)    AC:  2    Str:  4    XL:     5   Next: 95%
MP:   6/12          EV: 19    Int: 17    God:    Yredelemnul [......]
Gold: 138           SH:  0    Dex: 17    Spells: 10/12 levels left

rFire   . . .      SeeInvis +   c - +3 dagger (freeze)
rCold   . . .      Faith    .   (no shield)
rNeg    . . .      Spirit   .   b - +0 robe
rPois   .          Reflect  .   (helmet restricted)
rElec   .          Harm     .   (no cloak)
rCorr   .          Rampage  .   (gloves unavailable)
Will    .....                   (boots unavailable)
Stlth   +++.......              (no amulet)
HPRegen 0.07/turn               (no ring)
MPRegen 0.13/turn               (no ring)

@: drained, very quick
A: very small, no large weapons, unfitting armour, see invisible, speed 3
a: Renounce Religion, Recall Undead Harvest


You were on level 3 of the Dungeon.
You worshipped Yredelemnul.
Yredelemnul was noncommittal.
You visited 1 branch of the dungeon, and saw 3 of its levels.

You collected 138 gold pieces.

Inventory:

Hand Weapons
 c - a +3 dagger of freezing (weapon)
Armour
 b - a +0 robe (worn)
Scrolls
 d - 2 scrolls of identify
 g - a scroll of fear {unknown}
 h - a scroll of poison {unknown}
Potions
 a - a potion of curing
 e - a potion of berserk rage {unknown}
 f - a potion of mutation {unknown}
 i - a potion of brilliance {unknown}


   Skills:
 + Level 3.0 Short Blades
 + Level 4.3 Dodging
 + Level 6.1 Stealth
 + Level 4.1 Spellcasting
 + Level 4.8 Hexes


You had 10 spell levels left.
You knew the following spells:

 Your Spells              Type           Power      Damage    Failure   Level
a - Ensorcelled Hibernat  Hex/Ice        22%        N/A       9%          2

Your spell library contained the following spells:

 Spells                   Type           Power      Damage    Failure   Level
 Confusing Touch          Hex            19%        N/A       6%          3
 Tukima's Dance           Hex            19%        N/A       6%          3
 Dazzling Flash           Conj/Hex       22%        N/A       17%         3
 Ozocubu's Armour         Ice            3%         N/A       43%         3
 Ozocubu's Refrigeration  Ice            1%         4d7       100%        7


Dungeon Overview and Level Annotations

Branches:
Dungeon (3/15)

Altars:
Yredelemnul


Innate Abilities, Weirdness & Mutations

You are very small and have problems with some larger weapons.
You are too small for most types of armour.
You have supernaturally acute eyesight. (SInv)
You cover ground extremely quickly. (Speed+++)


Message History

Things that are here:
a +0 dagger; 15 gold pieces You hit the orc.
You freeze the orc.
You kill the orc!
The dead are walking!
You swap places.
You see here a +0 whip.
You closely miss the orc priest. The orc priest misses you.
The orc priest hits your orc priest zombie with a +0 hand axe.
Your orc priest zombie closely misses the orc priest.
You hit the orc priest. You freeze the orc priest.
The orc priest is lightly wounded.
The orc priest mumbles some strange prayers to Beogh against you.
Beogh smites you!
Ouch! That really hurt!
The orc hits you with a +0 short sword of draining.
You feel drained.
Aiming: Ensorcelled Hibernation (safe; 9% risk of failure)
Press: ? - help, Q - select action, (/) - cycle Shift-Dir - straight line The orc priest resists with some effort.
Your orc priest zombie closely misses the orc priest.
The orc hits you with a +0 short sword of draining.
You feel drained. The orc priest barely misses you.
The orc priest hits your orc priest zombie with a +0 hand axe.
Aiming: Ensorcelled Hibernation (safe; 9% risk of failure)
Press: ? - help, Q - select action, (/) - cycle Shift-Dir - straight line The orc priest resists with some effort.
Your orc priest zombie hits the orc priest.
The orc barely misses you. The orc priest barely misses you.
The orc priest hits your orc priest zombie with a +0 hand axe.
Aiming: Ensorcelled Hibernation (safe; 9% risk of failure)
Press: ? - help, Q - select action, (/) - cycle Shift-Dir - straight line The orc priest resists with some effort.
Your orc priest zombie hits the orc priest.
The orc barely misses you.
The orc priest invokes the aid of Beogh against you.
Beogh smites you!
Ouch! That really hurt!
You die...
Your body rises from the dead as a mindless zombie.

#.# #.####. #>#...
######.#.#####
#.............
#..........#
#..........##
#<.......ZZ@#
######.#.##oo....#
#.#.######...#
#.#.# .. #.#.#
#.#.# #.#.# #.#.#


You could see an orc priest (ally target), an orc, a friendly orc zombie and a
friendly orc priest zombie.

Vanquished Creatures
  An orc priest (D:3)
  Jessica (D:2)
  Natasha (thrice) (D:2)
  Robin (D:2)
  4 gnolls (D:2)
  An adder (D:2)
  A worm (D:2)
  A dart slug (D:2)
  An orc (D:3)
  5 bats
  2 endoplasms
  A giant cockroach (D:2)
  9 goblins
  5 hobgoblins
  7 jackals (D:1)
  7 kobolds
  A quokka (D:1)
  6 ball pythons
  2 frilled lizards
  10 rats
69 creatures vanquished.

Vanquished Creatures (collateral kills)
  A rat (D:2)
1 creature vanquished.

Vanquished Creatures (others)
  A bat zombie (D:2)
  A rat zombie (D:2)
2 creatures vanquished.

Grand Total: 72 creatures vanquished

Notes
Turn   | Place    | Note
-------+----------+-------------------------------------------
     0 | D:1      | qeuew the Spriggan Enchanter began the quest for the Orb.
     0 | D:1      | Reached XP level 1. HP: 9/9 MP: 5/5
   544 | D:1      | Reached XP level 2. HP: 8/13 MP: 6/6
   547 | D:1      | Learned a level 2 spell: Ensorcelled Hibernation
  1622 | D:1      | Reached XP level 3. HP: 15/16 MP: 8/8
  1843 | D:2      | Found a basalt altar of Yredelemnul.
  1860 | D:2      | Noticed Robin
  1872 | D:2      | Killed Robin
  1873 | D:2      | Reached skill level 5 in Stealth
  1901 | D:2      | Became a worshipper of Yredelemnul the Dark
  2249 | D:2      | Identified the +7 hand axe "Xiskio" {venom, rN+}
  2338 | D:2      | Reached XP level 4. HP: 21/21 MP: 7/10
  2542 | D:2      | Reached * piety under Yredelemnul
  2804 | D:2      | Noticed Natasha
  2817 | D:2      | Killed Natasha
  2818 | D:2      | Reached XP level 5. HP: 10/24 MP: 2/11
  3144 | D:2      | Noticed Natasha
  3154 | D:2      | Killed Natasha
  3158 | D:2      | Reached ** piety under Yredelemnul
  3339 | D:2      | Noticed Jessica
  3341 | D:2      | Killed Jessica
  3468 | D:2      | Noticed Natasha
  3478 | D:2      | Killed Natasha
  3528 | D:3      | Reached skill level 6 in Stealth
  3535 | D:3      | Killed from afar by an orc priest

Illustrated notes

Levels and vault maps discovered:
D:1:      sevenhm_arrival_forest_fort_small_6, layout_loops_ring,
          minmay_circled_x
D:2:      layout_loops_corners, serial_glass, glass_columns_b, glass_columns_c,
          basic_altar, nicolae_kite_square_tiling_tiny,
          minmay_misc_feat_nine_boxes, chequers_hall_statues_corner_a,
          uniq_natasha, uniq_robin, uniq_jessica
D:3:      layout_rooms, old_standard_altar

Skill      XL: |  1  2  3  4  5 |
---------------+----------------+-----
Dodging        | 3 4 |  4.3
Spellcasting   | 3 4 |  4.1
Hexes          | 4 |  4.8
Stealth        | 5 6 |  6.1
Short Blades   | 2 3 |  3.0

Action                   |  1- 3 |  4- 6 || total
-------------------------+-------+-------++-------
Melee: Dagger            |   159 |    66 ||   225
       Punch             |       |     1 ||     1
 Cast: Ensorcelled Hiber |     5 |     8 ||    13
Invok: Recall Undead Har |       |     2 ||     2
  Use: Potion            |     4 |       ||     4
       Scroll            |     5 |       ||     5
 Stab: Sleeping          |    10 |     5 ||    15
       Invisible         |     4 |       ||     4
       Distracted        |       |     1 ||     1
Armor: Robe              |    19 |     2 ||    21
Dodge: Dodged            |   169 |    48 ||   217
